 Dungeon Crawl Stone Soup version 0.31-a0-145-g046c7d2549 (webtiles) character file.

Game seed: 10967128153503350670

78 Faragor the Chiller (level 4, -1/24 HPs)
             Began as a Deep Elf Ice Elementalist on June 6, 2023.
             Slain by Terence
             ... wielding a +0 flail
              (3 damage)
             ... on level 2 of the Dungeon.
             The game lasted 00:05:39 (3682 turns).

Faragor the Chiller (Deep Elf Ice Elementalist)     Turns: 3682, Time: 00:05:40

Health: -1/24      AC: 11    Str:  5    XL:     4   Next: 15%
Magic:  6/12       EV: 13    Int: 22    God:
Gold:   90         SH:  0    Dex: 15    Spells: 0/11 levels left

rFire   . . .        c - +1 short sword
rCold   . . .        (no shield)
rNeg    . . .        a - +0 robe
rPois   .            i - +2 hat
rElec   .            (no cloak)
rCorr   .            (no gloves)
SInv    .            (no boots)
Will    .....        f - amulet of the acrobat
Stlth   ++           (no ring)
HPRegen 0.24/turn    (no ring)
MPRegen 0.13/turn

%: acrobat
@: ice-armoured
A: no striking features
a: no special abilities


You were on level 2 of the Dungeon.
You visited 1 branch of the dungeon, and saw 2 of its levels.

You collected 90 gold pieces.

Inventory:

Hand Weapons
 c - a +1 short sword (weapon)
Armour
 a - a +0 robe (worn)
 i - a +2 hat (worn)
Jewellery
 f - an amulet of the acrobat (around neck)
Scrolls
 d - a scroll of amnesia
 e - 2 scrolls of enchant weapon
 g - 2 scrolls of magic mapping
 j - a scroll of identify {unknown}
 l - 2 scrolls of teleportation
Potions
 b - a potion of magic
 h - a potion of might {unknown}
 k - a potion of enlightenment {unknown}


   Skills:
 - Level 2.9 Dodging
 + Level 3.6 Stealth
 * Level 4.4 Spellcasting
 + Level 4.9 Ice Magic


You couldn't memorise any spells.
You knew the following spells:

 Your Spells              Type           Power      Damage    Failure   Level
a - Freeze                Ice            100%       1d10      1%          1
b - Frozen Ramparts       Ice            52%        1d8       4%          3
c - Ozocubu's Armour      Ice            26%        N/A       4%          3
d - Summon Ice Beast      Ice/Summ       15%        N/A       36%         4

Your spell library contained the following spells:

 Spells                   Type           Power      Damage    Failure   Level


Dungeon Overview and Level Annotations

Branches:
Dungeon (2/15)

Altars:

Annotations:
D:2 Terence


Message History

You hit Terence.
Terence is severely wounded.
Terence hits you with a +0 flail.
You barely miss Terence.
Terence is severely wounded.
Terence misses you.
You hit Terence but do no damage.
Terence is severely wounded.
Terence hits you with a +0 flail.
You closely miss Terence.
Terence is severely wounded.
Terence misses you.
You hit Terence but do no damage.
Terence is severely wounded.
Terence closely misses you.
You barely miss Terence.
Terence is severely wounded.
Terence hits you with a +0 flail.
* * * LOW HITPOINT WARNING * * *
You barely miss Terence.
Terence is severely wounded.
Terence hits you but does no damage.
You hit Terence but do no damage.
Terence is severely wounded.
Terence screams, "I'm going to kill you!"
Terence barely misses you.
You completely miss Terence.
Terence is severely wounded.
Terence hits you with a +0 flail.
* * * LOW HITPOINT WARNING * * *
Casting: Ozocubu's Armour (quite dangerous; 4% risk of failure)
Confirm with . or Enter, or press ? or * to list all spells.
Aiming: Freeze (safe; 1% risk of failure)
Press: ? - help, Shift-Dir - straight line, f - Terence
Aim: Terence, wielding a +0 flail and wearing a +2 ring mail of cold resistance (severely wounded)
You freeze Terence.
Terence resists.
Terence is severely wounded.
Terence shouts, "Now you die!" Terence hits you with a +0 flail.
You die...

####### ##### ......# #...#
#####.# #...# ..# #.#
#...######### #.###.#
#...#........ ......# ########
#...#........ #.#...## #......#
#...#........ #.#.#..#
#......#####...#...†....
######.###.....@@.......#........
#...##..####..........###........
#.>.#............................
#...#.................#########..
#...###..##...........# #..
#...###...............# #..
..⌠...'..<............#########..
.....#####............##.........
#...##......############.........


You could see Terence.

Vanquished Creatures
  4 adders (D:2)
  2 dart slugs (D:1)
  3 bats
  4 endoplasms
  2 giant cockroaches (D:1)
  3 goblins
  3 hobgoblins
  2 jackals (D:2)
  4 kobolds
  2 quokkas (D:1)
  4 ball pythons
  3 rats
36 creatures vanquished.

Notes
Turn   | Place    | Note
-------+----------+-------------------------------------------
     0 | D:1      | Faragor the Deep Elf Ice Elementalist began the quest for
                  | the Orb.
     0 | D:1      | Reached XP level 1. HP: 10/10 MP: 6/6
   336 | D:1      | Reached XP level 2. HP: 10/15 MP: 1/8
  1786 | D:2      | Reached XP level 3. HP: 19/19 MP: 6/10
  1918 | D:2      | Learned a level 3 spell: Frozen Ramparts
  1922 | D:2      | Learned a level 3 spell: Ozocubu's Armour
  3126 | D:2      | Reached XP level 4. HP: 24/24 MP: 8/12
  3607 | D:2      | Noticed Terence
  3644 | D:2      | Learned a level 4 spell: Summon Ice Beast
  3682 | D:2      | Slain by Terence

Illustrated notes

Levels and vault maps discovered:
D:1:      ldierk_walled_garden, layout_rooms, minmay_misc_feat_x
D:2:      layout_basic, grunt_ministairs_14, uniq_terence

Skill      XL: |  1  2  3 |
---------------+----------+-----
Stealth        | 3 |  3.6
Spellcasting   | 4 |  4.4
Dodging        | |  2.9
Ice Magic      | |  4.9

Action                     |  1- 3 |  4- 6 || total
---------------------------+-------+-------++-------
  Melee: Unarmed           |     1 |       ||     1
         Short sword       |     3 |    22 ||    25
         Punch             |       |     1 ||     1
   Cast: Freeze            |    53 |     6 ||    59
         Summon Ice Beast  |       |     1 ||     1
         Ozocubu's Armour  |       |     1 ||     1
         Frozen Ramparts   |       |     1 ||     1
    Use: Scroll            |     7 |       ||     7
 Armour: Robe              |     5 |     1 ||     6
  Dodge: Dodged            |    47 |    12 ||    59

Table legend: (Time is in decaauts)
 A = Elapsed time spent in this place.
 B = Non-inter-level travel time spent in this place.
 C = Inter-level travel time spent in this place.
 D = Time resting spent in this place.
 E = Time spent auto-exploring this place.
 F = Levels seen in this place.
 G = Mean time per level.
                   A        B        C        D        E       F      G
               +--------+--------+--------+--------+--------+-----+--------+
         Total |   3683 |   3628 |     55 |   2432 |    840 |   2 | 1841.5 |
       Dungeon |   3683 |   3628 |     55 |   2432 |    840 |   2 | 1841.5 |
               +--------+--------+--------+--------+--------+-----+--------+

Top non-repeatable levels by time:
     D:2: 1925 daAuts
     D:1: 1757 daAuts
